 Dungeon Crawl Stone Soup version 0.28.0 (webtiles) character file.

Game seed: 4678886213892934533

179 Gabide the Grave Robber (level 5, 0/38 HPs)
             Began as a Mummy Necromancer on Feb 8, 2022.
             Was a Follower of Cheibriados.
             Slain by a gnoll zombie (1 damage)
             ... in an ossuary.
             The game lasted 00:12:59 (4086 turns).

Gabide the Grave Robber (Mummy Necromancer)         Turns: 4086, Time: 00:12:59

Health: 0/38       AC:  3    Str: 25    XL:     5   Next: 32%
Magic:  8/11       EV: 12    Int: 19    God:    Cheibriados [*.....]
Gold:   203        SH:  0    Dex: 14    Spells: 8/12 levels left

rFire   x . .      SeeInvis .   l - +0 eveningstar
rCold   + . .      Faith    .   (no shield)
rNeg    + + +      Spirit   .   a - +0 robe
rPois   ∞          Reflect  .   i - +0 helmet
rElec   .          Harm     .   (no cloak)
rCorr   .          Rampage  .   (no gloves)
Will    .....                   (no boots)
Stlth   ++........              (no amulet)
HPRegen 0.12/turn               p - +6 ring of strength
MPRegen 0.12/turn               k - +6 ring of strength

@: about to teleport, very slow
A: cold resistance 1, negative energy resistance 3, torment resistance 2, heat
vulnerability 1, no potions
a: Renounce Religion, Bend Time


You were in an ossuary.
You worshipped Cheibriados.
Cheibriados was aware of your devotion.
You visited 1 branch of the dungeon, and saw 4 of its levels.
You also visited: Ossuary.

You collected 203 gold pieces.

Inventory:

Hand Weapons
 c - a +2 short sword of freezing
 f - a +3 trident
 l - a +0 eveningstar (weapon)
 m - a +0 whip of pain
Armour
 a - a +0 robe (worn)
 i - a +0 helmet (worn)
Jewellery
 g - a ring of magical power
 k - a +6 ring of strength (right hand)
 n - a ring of resist corrosion
 p - a +6 ring of strength (left hand)
Scrolls
 b - 2 scrolls of fog
 d - a scroll of amnesia
 e - 3 scrolls of magic mapping
 j - a scroll of noise
 q - a scroll of enchant weapon {unknown}


   Skills:
 * Level 2.0 Fighting
 * Level 2.1 Dodging
 + Level 1.7 Stealth
 + Level 4.3 Spellcasting
 + Level 5.0 Necromancy
 * Level 0.6 Invocations


You had 8 spell levels left.
You knew the following spells:

 Your Spells              Type           Power      Damage    Failure   Level
a - Pain                  Necr           92%        1d8       1%          1
b - Vampiric Draining     Necr           23%        2d7       4%          3

Your spell library contained the following spells:

 Spells                   Type           Power      Damage    Failure   Level
 Animate Skeleton         Necr           46%        N/A       1%          1
 Animate Dead             Necr           11%        N/A       17%         4
 Agony                    Necr           23%        N/A       43%         5


Dungeon Overview and Level Annotations

Branches:
Dungeon (4/15)            Ossuary (1/1)
 Temple: D:4-7

Altars:
Cheibriados
Uskayaw
Xom
Zin

Shops:
D:3 [


Innate Abilities, Weirdness & Mutations

You are immune to poison.
Your flesh is cold resistant. (rC+)
You are immune to negative energy. (rN+++)
You are immune to unholy pain and torment.
You are vulnerable to heat. (rF-)
You do not drink.


Message History

You hit the gnoll zombie.
The gnoll zombie is lightly damaged.
The human zombie hits you. The human zombie closely misses you.
The orc zombie misses you. The gnoll zombie barely misses you.
The gnoll zombie hits you.
The hobgoblin zombie hits you but does no damage.
The adder zombie bites you but does no damage.
The kobold zombie completely misses you.
You barely miss the gnoll zombie.
The gnoll zombie is lightly damaged.
The human zombie hits you.
* * * LOW HITPOINT WARNING * * *
The human zombie hits you but does no damage.
The gnoll zombie hits you.
* * * LOW HITPOINT WARNING * * *
The orc zombie hits you but does no damage.
The adder zombie bites you.
* * * LOW HITPOINT WARNING * * *
The gnoll zombie closely misses you.
The kobold zombie hits you but does no damage.
The hobgoblin zombie closely misses you.
As you read the scroll labelled YLUFUYRAEH, it crumbles to dust.
You feel strangely unstable.
It was a scroll of teleportation.
The adder zombie bites you.
* * * LOW HITPOINT WARNING * * *
The human zombie hits you.
* * * LOW HITPOINT WARNING * * *
The human zombie closely misses you. The orc zombie closely misses you.
The gnoll zombie hits you.
* * * LOW HITPOINT WARNING * * *
The kobold zombie hits you but does no damage.
You hit the gnoll zombie.
The gnoll zombie is lightly damaged.
The gnoll zombie hits you but does no damage.
The adder zombie bites you but does no damage.
The hobgoblin zombie closely misses you.
The kobold zombie closely misses you.
The human zombie hits you but does no damage.
The human zombie misses you. The gnoll zombie hits you.
You die...

......#####....
................
................
#...............
#...............
.......Z........
......ZZZ.......
......Z@ZZ......
......ZZZ∩......
.......Z........
................
................
................
#...............
#...............
...............


You could see an adder zombie (slow), a hound zombie, 2 hobgoblin zombies, 2
gnoll zombies, a kobold zombie, an orc zombie (slow) and 3 human zombies.

Vanquished Creatures
  An orc wizard (D:3)
  Robin (D:3)
  3 gnolls
  2 adders (D:3)
  A white imp (D:4)
  An adder zombie (Ossuary)
  A worm (D:2)
  4 dart slugs
  3 orcs
  5 ball pythons
  8 endoplasms
  2 giant cockroaches (D:1)
  9 goblins
  6 hobgoblins
  8 jackals
  4 quokkas
  7 bats
  4 frilled lizards
  2 kobolds
  A rat (D:1)
73 creatures vanquished.

Notes
Turn   | Place    | Note
-------+----------+-------------------------------------------
     0 | D:1      | Gabide the Mummy Necromancer began the quest for the Orb.
     0 | D:1      | Reached XP level 1. HP: 13/13 MP: 4/4
   375 | D:1      | Reached XP level 2. HP: 11/20 MP: 0/5
   376 | D:1      | Reached skill level 1 in Fighting
   748 | D:1      | Found a faded altar of an unknown god.
   869 | D:1      | Reached XP level 3. HP: 26/26 MP: 5/7
  1153 | D:1      | Learned a level 3 spell: Vampiric Draining
  1957 | D:2      | Found a hide-covered altar of Uskayaw.
  2393 | D:3      | Found a snail-covered altar of Cheibriados.
  2416 | D:3      | Reached XP level 4. HP: 16/32 MP: 5/9
  2626 | D:3      | Became a worshipper of Cheibriados the Contemplative
  2661 | D:3      | Noticed Robin
  2673 | D:3      | Killed Robin
  3179 | D:3      | Found Namp's Armour Shop.
  3339 | D:3      | Found a shimmering altar of Xom.
  3485 | D:3      | Reached skill level 5 in Necromancy
  3485 | D:3      | Reached XP level 5. HP: 30/38 MP: 11/11
  3677 | D:4      | Reached * piety under Cheibriados
  4070 | D:4      | Found a sand-covered staircase.
  4074 | Ossuary  | Entered an ossuary
  4085 | Ossuary  | HP: 1/38 [gnoll zombie (2)]
  4086 | Ossuary  | Slain by a gnoll zombie

Illustrated notes

Levels and vault maps discovered:
D:1:      lemuel_arrival_river_bridge, layout_loops_cross,
          shapermc_ecumenical_altar_notcrosses, minmay_cupped
D:2:      layout_loops_ring, basic_altar, dk_noncrumbling_2
D:3:      layout_basic, mainiacjoe_overflow_chevrons, lemuel_crystal_altar,
          nicolae_overflow_hidden_temple, serial_shops,
          nicolae_shop_hallway_stairs, uniq_robin
D:4:      layout_basic, enter_ossuary_5, minmay_statues_item
Ossuary:  ossuary_minmay_tomb_2a

Skill      XL: |  1  2  3  4  5 |
---------------+----------------+-----
Fighting       | 1 2 |  2.0
Spellcasting   | 3 4 |  4.3
Necromancy     | 5 |  5.0
Dodging        | 2 |  2.1
Stealth        | |  1.7
Invocations    | |  0.6

Action                   |  1- 3 |  4- 6 || total
-------------------------+-------+-------++-------
Melee: Short sword       |    17 |       ||    17
       Trident           |     5 |       ||     5
       Eveningstar       |       |     8 ||     8
       Whip              |       |     4 ||     4
 Cast: Pain              |    80 |    58 ||   138
       Vampiric Draining |       |     3 ||     3
Invok: Bend Time         |       |     1 ||     1
  Use: Scroll            |     5 |     2 ||     7
 Stab: Sleeping          |     2 |     1 ||     3
Armor: Robe              |     9 |    17 ||    26
Dodge: Dodged            |    49 |    40 ||    89
